 Dungeon Crawl Stone Soup version 0.29-a0-563-g64e4043184 (webtiles) character file.

Game seed: 2652710162908251433

2263 tilp the Geomancer (level 9, 0/74 HPs)
             Began as a Meteoran Earth Elementalist on June 11, 2022.
             Was a Priest of Vehumet.
             Slain by an orc warlord
             ... wielding a +0 war axe
              (17 damage)
             ... in a bailey.
             The game lasted 00:21:29 (2462 turns).

tilp the Geomancer (Meteoran Earth Elementalist)    Turns: 2462, Time: 00:21:29

Health: 0/74       AC: 19    Str:  9    XL:     9   Next: 96%
Magic:  12/17      EV: 14    Int: 22    God:    Vehumet [***...]
Gold:   233        SH:  0    Dex: 19    Spells: 14/18 levels left

rFire   + + .      SeeInvis .   b - +3 Elemental Staff {rElec rF++ rC++ AC+5}
rCold   + + .      Faith    +   (no shield)
rNeg    . . .      Spirit   .   c - +0 robe
rPois   +          Reflect  .   t - +0 helmet
rElec   +          Harm     .   (no cloak)
rCorr   .          Rampage  .   e - +2 pair of gloves
Will    +....                   (no boots)
Stlth   +.........              p - amulet of Behupyta {Faith rPois Dex+4}
HPRegen 0.22/turn               o - +4 ring of protection
MPRegen 0.15/turn               C - +4 ring of protection

@: glowing
A: sense surroundings 2, otherworldly, glowing, explore regen
a: Renounce Religion


You were in a bailey.
You worshipped Vehumet.
Vehumet was most pleased with you.
You visited 2 branches of the dungeon, and saw 9 of its levels.
You also visited: Bailey.

You collected 782 gold pieces.
You spent 549 gold pieces at shops.

Inventory:

Hand Weapons
 a - the +1 short sword of Cheibriados's Scorn {spect, Int+4}
   (You found it on level 4 of the Dungeon)

   When its wielder attacks, the weapon's spirit leaps out and strikes again.
   The spirit shares a part of any damage it takes with its wielder.
   Int:       It affects your intelligence (+4).
 b - the +3 Elemental Staff (weapon) {rElec rF++ rC++ AC+5}
   (You acquired it in a bailey)

   If the wielder is skilled in Evocations, they can discharge powerful blasts
   of elemental energy when striking with it.
   It enhances your fire, ice, earth and air magic.
   AC:        It affects your AC (+5).
   rF:        It greatly protects you from fire.
   rC:        It greatly protects you from cold.
   rElec:     It insulates you from electricity.
 A - a +1 flail of venom
 B - a +3 mace of protection
 E - a +2 war axe of electrocution
Missiles
 h - 98 stones
 i - 11 poisoned darts (quivered)
 z - 12 javelins
 F - 24 boomerangs
Armour
 c - a +0 robe (worn)
 e - a +2 pair of gloves (worn)
 m - a +0 leather armour
 t - a +0 helmet (worn)
Jewellery
 g - an amulet of regeneration
 o - a +4 ring of protection (left hand)
 p - the amulet of Behupyta (around neck) {Faith rPois Dex+4}
   (You acquired it on level 3 of the Dungeon)

   [amulet of faith]

   It allows you to gain divine favour quickly.
   Dex:       It affects your dexterity (+4).
   rPois:     It protects you from poison.
 C - a +4 ring of protection (right hand)
Wands
 w - a wand of flame (27)
 x - a wand of digging (4)
Scrolls
 H - a scroll of brand weapon
 I - a scroll of enchant armour {unknown}
Potions
 f - 2 potions of resistance
 j - a potion of degeneration
 k - 2 potions of curing
 l - a potion of flight
 n - 2 potions of attraction
 q - 4 potions of brilliance
 s - a potion of haste {unknown}
 u - 2 potions of mutation {unknown}
 G - a potion of lignification {unknown}
 J - 2 potions of magic


   Skills:
 + Level 5.5 Fighting
 - Level 4.0 Dodging
 - Level 2.0 Stealth
 - Level 5.0 Spellcasting
 + Level 7.3 Conjurations
 - Level 1.2 Transmutations
 + Level 9.0 Earth Magic
 + Level 3.9 Evocations


You had 14 spell levels left.
You knew the following spells:

 Your Spells              Type           Power      Damage    Failure   Level
a - Sandblast             Erth           100%       2d20      1%          1
b - Stone Arrow           Conj/Erth      100%       3d13      1%          3

Your spell library contained the following spells:

 Spells                   Type           Power      Damage    Failure   Level
 Conjure Flame            Conj/Fire      32%        6-21      1%          3
 Passwall                 Tmut/Erth      35%        N/A       1%          2
 Mephitic Cloud           Conj/Pois/Air  24%        N/A       3%          3
 Iskenderun's Battlesphe  Conj           37%        2d9       4%          5
 Ignite Poison            Fire/Tmut/Pois 10%        N/A       7%          3
 Petrify                  Tmut/Erth      42%        N/A       12%         4
 Iron Shot                Conj/Erth      29%        9d6       14%         6
 Leda's Liquefaction      Hex/Erth       19%        N/A       16%         4
 Freezing Cloud           Conj/Ice/Air   18%        6-21      26%         5
 Call Canine Familiar     Summ           5%         N/A       30%         3
 Portal Projectile        Hex/Tloc       10%        N/A       30%         3
 Animate Dead             Necr           5%         N/A       69%         4
 Passage of Golubria      Tloc           5%         N/A       69%         4
 Silence                  Hex/Air        4%         N/A       95%         5
 Spellforged Servitor     Conj/Summ      10%        N/A       98%         7
 Lehudib's Crystal Spear  Conj/Erth      29%        10d8      99%         8
 Haunt                    Necr/Summ      2%         N/A       100%        7
 Infestation              Necr           2%         N/A       100%        8


Dungeon Overview and Level Annotations

Branches:
Dungeon (8/15)             Temple (1/1) D:4          Bailey (1/1)
   Lair: D:8-11

Altars:
Ashenzari
Dithmenos
Fedhas
Kikubaaqudgha
Nemelex Xobeh
Qazlal
Ru
Sif Muna
Trog
Vehumet
The Shining One

Shops:
D:4 *

Annotations:
D:7 exclusion: ice statue


Innate Abilities, Weirdness & Mutations

You passively map the area around you.
You are easily found by Zot.
You glow in the dark.
You regain HP and MP as you explore.


Message History

You feel much better.
The orc warlord hits you with a +0 war axe!
As you read the scroll of teleportation, it crumbles to dust.
You feel strangely unstable.
The orc warlord hits you but does no damage.
Unknown command.
Your surroundings seem slightly different.
The orc warlord completely misses you.
Unknown command.
Okay, then.
Okay, then.
You feel much better.
The orc warlord hits you with a +0 war axe!!
Unknown command.
Okay, then.
Really read the scroll of torment?
As you read the scroll of torment, it crumbles to dust.
Your body is wracked with pain!
* * * LOW HITPOINT WARNING * * *
The orc warlord convulses!
The orc warlord hits you with a +0 war axe.
* * * LOW HITPOINT WARNING * * *
Unknown command.
Unknown command.
Casting: Sandblast (safe; 1% risk of failure)
Confirm with . or Enter, or press ? or * to list all spells.
Aiming: Stone Arrow (safe; 1% risk of failure)
Press: ? - help, Shift-Dir - straight line, f - orc warlord
Aim: an orc warlord, wielding a +0 war axe and wearing a +0 scale mail (heavily wounded, 81% to hit)
You feel a surge of power!
The stone arrow hits the orc warlord!
The orc warlord is heavily wounded.
The orc warlord closely misses you.
Casting: Stone Arrow (safe; 1% risk of failure)
Confirm with . or Enter, or press ? or * to list all spells.
Aiming: Stone Arrow (safe; 1% risk of failure)
Press: ? - help, Shift-Dir - straight line, f/p - orc warlord
Aim: an orc warlord, wielding a +0 war axe and wearing a +0 scale mail (heavily wounded, 81% to hit)
You feel a surge of power!
The stone arrow misses the orc warlord.
The orc warlord hits you with a +0 war axe!
You die...

...##≈≈≈≈≈##...8...##≈
8...#≈≈≈≈≈#.........## *
....#≈≈≈≈≈#..........# ≈
....'o....'....8..8..#≈≈♣
....#########........#≈≈♣
.####≈≈ #≈≈≈##......##≈≈♣
.#≈≈#≈.....|≈#.....##...♣
.#≈........?≈#....##....♣
##≈8.8...8.8##..@.#.....♣♣
'≈≈.........#..o..'......♣
'≈≈....∩....#.....'...∩.∩♣
'≈≈.........#...÷.'......♣
##≈8.8...8.8##..).#.....♣♣
.#≈........?≈#....##....♣
.#≈≈#≈.....|≈#.))..##...♣
.####≈≈ #≈≈≈##÷.)...##≈≈♣
....#########÷.......#≈≈♣


You could see an orc warlord.

Vanquished Creatures
  Duvessa (D:4)
  5 orc warriors
  A hornet zombie (D:7)
  A black bear (D:5)
  2 ice beasts (D:5)
  An ogre (D:5)
  A kobold brigand (D:6)
  A phantom (D:4)
  4 scorpions
  3 necrophages (D:7)
  2 wights (D:7)
  Dowan (D:4)
  A howler monkey (D:5)
  A jelly (D:6)
  A bullfrog zombie (D:7)
  A hound (D:5)
  3 orc priests
  2 orc wizards
  A mummy (D:7)
  Robin (D:4)
  11 adders
  2 shadow imps
  2 white imps
  A worm (D:3)
  2 dart slugs
  19 orcs
  4 bats
  5 endoplasms
  2 giant cockroaches
  19 goblins
  5 hobgoblins
  4 jackals (D:2)
  A quokka (D:4)
  4 ball pythons
  9 frilled lizards (D:2)
  16 kobolds
  2 rats
142 creatures vanquished.

Vanquished Creatures (others)
  2 plants (D:2)
  A withered plant (D:7)
3 creatures vanquished.

Grand Total: 145 creatures vanquished

Notes
Turn   | Place    | Note
-------+----------+-------------------------------------------
     0 | D:1      | tilp the Meteoran Earth Elementalist began the quest for
                  | the Orb.
     0 | D:1      | Reached XP level 1. HP: 14/14 MP: 5/5
   187 | D:2      | Reached XP level 2. HP: 19/22 MP: 4/6
   203 | D:2      | Reached XP level 3. HP: 27/27 MP: 6/8
   219 | D:2      | Reached skill level 1 in Fighting
   219 | D:2      | Reached skill level 4 in Earth Magic
   300 | D:2      | Learned a level 3 spell: Stone Arrow
   323 | D:2      | Reached XP level 4. HP: 26/35 MP: 7/9
   349 | D:2      | Reached skill level 1 in Conjurations
   669 | D:3      | Identified 3 scrolls of acquirement
   669 | D:3      | Acquired a book of Power
   671 | D:3      | Acquired 579 gold pieces
   768 | D:4      | Noticed a phantom
   802 | D:4      | Killed a phantom
   803 | D:4      | Reached XP level 5. HP: 35/41 MP: 2/10
   870 | D:4      | Found a staircase to the Ecumenical Temple.
   882 | D:4      | Reached XP level 6. HP: 19/48 MP: 1/11
   893 | Temple   | Entered the Ecumenical Temple
   948 | Temple   | Became a worshipper of Vehumet
   949 | Temple   | Acquired the amulet of Behupyta {Faith rPois Dex+4}
  1106 | D:4      | Found Wareisun's General Store.
  1115 | D:4      | Bought 6 poisoned darts for 31 gold pieces
  1115 | D:4      | Bought a +4 ring of protection for 468 gold pieces
  1115 | D:4      | Bought 19 stones for 24 gold pieces
  1115 | D:4      | Bought a scroll of identify for 26 gold pieces
  1123 | D:4      | Reached skill level 5 in Earth Magic
  1160 | D:4      | Identified the +1 short sword of Cheibriados's Scorn
                  | {spect, Int+4}
  1224 | D:4      | Noticed Robin
  1239 | D:4      | Killed Robin
  1253 | D:4      | Reached * piety under Vehumet
  1253 | D:4      | Offered knowledge of Foxfire by Vehumet.
  1266 | D:5      | Entered Level 5 of the Dungeon
  1288 | D:5      | Noticed a black bear
  1294 | D:5      | Killed a black bear
  1294 | D:5      | Noticed an ogre
  1295 | D:5      | Reached skill level 6 in Earth Magic
  1295 | D:5      | Reached XP level 7. HP: 55/55 MP: 2/12
  1331 | D:4      | Noticed Duvessa
  1332 | D:4      | Noticed Dowan
  1343 | D:4      | Killed Duvessa
  1347 | D:4      | Killed Dowan
  1353 | D:4      | Found a broken altar of Ashenzari.
  1524 | D:5      | Reached XP level 8. HP: 55/63 MP: 13/13
  1665 | D:5      | Reached skill level 5 in Conjurations
  1668 | D:5      | Reached skill level 7 in Earth Magic
  1726 | D:6      | Offered knowledge of Shock by Vehumet.
  1749 | D:6      | Reached ** piety under Vehumet
  1839 | D:6      | Reached skill level 8 in Earth Magic
  1847 | D:6      | Reached skill level 1 in Evocations
  1847 | D:6      | Gained mutation: You passively map the area around you.
                  | [Meteoran growth]
  1847 | D:6      | Reached XP level 9. HP: 51/71 MP: 10/14
  1911 | D:7      | Noticed an ice statue
  1963 | D:7      | Found a sacrificial altar of Ru.
  2019 | D:7      | Reached skill level 5 in Fighting
  2042 | D:7      | Found a stormy altar of Qazlal.
  2046 | D:7      | Offered knowledge of Inner Flame by Vehumet.
  2049 | D:7      | Found a blossoming altar of Fedhas.
  2105 | D:6      | Reached *** piety under Vehumet
  2174 | D:8      | Found a flagged portal.
  2197 | Bailey   | Entered a bailey
  2202 | Bailey   | Noticed an orc warlord
  2261 | Bailey   | Offered knowledge of Conjure Flame by Vehumet.
  2305 | Bailey   | Acquired the +3 Elemental Staff {rElec rF++ rC++ AC+5}
  2305 | Bailey   | Found the +3 Elemental Staff {rElec rF++ rC++ AC+5}
  2311 | Bailey   | Found a runed translucent gate.
  2313 | Bailey   | Found a runed translucent gate.
  2318 | Bailey   | Found a runed translucent gate.
  2330 | Bailey   | Reached skill level 5 in Spellcasting
  2330 | Bailey   | Reached skill level 9 in Earth Magic
  2462 | Bailey   | Slain by an orc warlord

Illustrated notes

Levels and vault maps discovered:
D:1:      dpeg_arrival_tiny_a, layout_loops_ring
D:2:      layout_loops_ring, hellmonk_ecumenical_altar_run_dry, basic_altar,
          minmay_misc_feat_room, minmay_lizard_king
D:3:      layout_loops_ring
D:4:      layout_basic, zin_scriptorium, grunt_temple_overflow_open,
          minmay_temple_entry_proselytizer, serial_shops, nicolae_shop_stone,
          kennysheep_generic_room_9, uniq_duvessa, uniq_robin
D:5:      layout_rooms
D:6:      layout_loops_ring, makhleb_blood_cavern_becter, minmay_misc_feat_tiny,
          uniq_crazy_yiuf_cottage
D:7:      lemuel_ice_statue, layout_loops_ring,
          grunt_temple_overflow_forces_of_nature, lemuel_doored_altar,
          serial_undead, serial_undead_e, serial_undead_e, serial_undead_a,
          serial_undead_b, uniq_menkaure
D:8:      layout_basic, lemuel_crystal_altar, enter_bailey_5
Temple:   minmay_temple_curvy_loop
Bailey:   bailey_axe_bossmonster_kennysheep, bailey

Skill      XL: |  1  2  3  4  5  6  7  8  9 |
---------------+----------------------------+-----
Spellcasting   | 3 5 |  5.0
Fighting       | 1 2 3 4 5 |  5.5
Earth Magic    | 4 6 8 9 |  9.0
Dodging        | 3 4 |  4.0
Stealth        | 2 |  2.0
Conjurations   | 3 4 6 7 |  7.3
Evocations     | 1 3 |  3.9
Transmutations | |  1.2

Action                   |  1- 3 |  4- 6 |  7- 9 || total
-------------------------+-------+-------+-------++-------
Melee: Short sword       |    32 |   105 |   156 ||   293
       Punch             |       |     1 |     1 ||     2
       Staff             |       |       |     1 ||     1
Throw: Dart              |       |       |     3 ||     3
 Cast: Sandblast         |    19 |     4 |     9 ||    32
       Stone Arrow       |       |    24 |    46 ||    70
  Use: Scroll            |       |    10 |    12 ||    22
       Potion            |       |       |     3 ||     3
 Stab: Sleeping          |       |       |     1 ||     1
       Distracted        |       |       |     1 ||     1
Armor: Robe              |    12 |    24 |    77 ||   113
Dodge: Dodged            |    44 |    66 |   108 ||   218

Table legend: (Time is in decaauts)
 A = Elapsed time spent in this place.
 B = Non-inter-level travel time spent in this place.
 C = Inter-level travel time spent in this place.
 D = Time resting spent in this place.
 E = Time spent auto-exploring this place.
 F = Levels seen in this place.
 G = Mean time per level.
                   A        B        C        D        E       F      G
               +--------+--------+--------+--------+--------+-----+--------+
         Total |   2523 |   2375 |    148 |    100 |      1 |  10 |  252.3 |
       Dungeon |   2048 |   1931 |    117 |      0 |      1 |   8 |  256.0 |
        Temple |    203 |    172 |     31 |    100 |      0 |   1 |  203.0 |
        Bailey |    270 |    270 |      0 |      0 |      0 |   1 |  270.0 |
               +--------+--------+--------+--------+--------+-----+--------+

Top non-repeatable levels by time:
     D:4: 394 daAuts
     D:5: 338 daAuts
     D:3: 317 daAuts
     D:2: 296 daAuts
  Bailey: 270 daAuts
     D:6: 251 daAuts
     D:7: 226 daAuts
  Temple: 203 daAuts
     D:1: 188 daAuts
     D:8: 36 daAuts
